 Dungeon Crawl Stone Soup version 0.31-a0-210-gccc998df9b (webtiles) character file.

Game seed: 8378377110948541205

505 qw the Shooter (level 6, -3/53 HPs)
             Began as a Minotaur Hexslinger on June 29, 2023.
             Was an Initiate of Okawaru.
             Slain by a black bear (6 damage)
             ... on level 5 of the Dungeon.
             The game lasted 00:01:10 (3336 turns).

qw the Shooter (Minotaur Hexslinger)                Turns: 3336, Time: 00:01:11

Health: -3/53      AC:  5    Str: 13    XL:     6   Next: 96%
Magic:  6/6        EV: 11    Int: 10    God:    Okawaru [......]
Gold:   258        SH:  0    Dex: 14    Spells: 6/7 levels left

rFire   . . .        Y - +2 sling
rCold   . . .        (no shield)
rNeg    + . .        h - +0 ring mail
rPois   .            (helmet restricted)
rElec   .            (no cloak)
rCorr   .            (no gloves)
SInv    .            (no boots)
Will    .....        (no amulet)
Stlth   +            f - ring of positive energy
HPRegen 0.28/turn    (no ring)
MPRegen 0.10/turn

%: no passive effects
@: about to teleport
A: horns 2, retaliatory headbutt
a: Renounce Religion


You were on level 5 of the Dungeon.
You worshipped Okawaru.
Okawaru was noncommittal.
You visited 2 branches of the dungeon, and saw 6 of its levels.

You collected 258 gold pieces.


Innate Abilities, Weirdness & Mutations

You have a pair of horns on your head.
You reflexively headbutt those who attack you in melee.


   Skills:
 - Level 4.6 Fighting
 + Level 7.0 Ranged Weapons
 - Level 1.1 Armour
 - Level 2.1 Dodging
 - Level 1.0 Spellcasting
 - Level 2.0 Hexes


You had 6 spell levels left.
You knew the following spells:

 Your Spells              Type           Power      Damage    Failure   Level
a - Slow                  Hex            16%        N/A       32%         1

Your spell library contained the following spells:

 Spells                   Type           Power      Damage    Failure   Level
 Inner Flame              Hex/Fire       2%         N/A       82%         3
 Portal Projectile        Hex/Tloc       4%         N/A       82%         3
 Cause Fear               Hex            2%         N/A       97%         4

Inventory:

Hand Weapons
 Y - a +2 sling (weapon)
Armour
 d - a +1 pair of boots
 h - a +0 ring mail (worn)
Jewellery
 f - a ring of positive energy (left hand)
Scrolls
 b - a scroll of identify
Potions
 c - a potion of mutation {unknown}
 e - a potion of resistance {unknown}
 g - a potion of lignification {unknown}
 i - a potion of cancellation {unknown}
 j - a potion of ambrosia {unknown}
 k - a potion of haste {unknown}

Dungeon Overview and Level Annotations

Branches:
Dungeon (5/15)             Temple (1/1) D:5

Altars:
Ashenzari
Cheibriados
Elyvilon
Fedhas
Gozag
Hepliaklqana
Kikubaaqudgha
Makhleb
Nemelex Xobeh
Okawaru
Ru
Sif Muna
Trog
Vehumet
Wu Jian
Xom
Yredelemnul
Zin
The Shining One

Annotations:
D:4 3 runed translucent doors, qw's ghost, amateur DEHu


Message History

The black bear bites you.
The black bear claws you but does no damage.
The black bear claws you. The orc barely misses you.
The orc hits you but does no damage.
The black bear bites you but does no damage.
The black bear claws you.
The black bear claws you but does no damage.
You shoot a sling bullet.
The sling bullet hits the orc but does no damage.
The orc is heavily wounded.
The black bear bites you. The black bear claws you. x2
The orc closely misses you.
You shoot a sling bullet.
The sling bullet closely misses the orc.
The black bear bites you. The black bear closely misses you. x2
The orc hits you with a +0 whip.
You shoot a sling bullet. The sling bullet hits the orc.
The orc is severely wounded.
The black bear closely misses you. The black bear claws you. x2
The orc hits you with a +0 whip.
3334 ||| READING scroll of teleportation.
As you read the scroll of teleportation, it crumbles to dust.
You feel strangely unstable.
The black bear bites you but does no damage.
The black bear barely misses you. The black bear claws you.
The orc hits you but does no damage.
You shoot a sling bullet.
The sling bullet completely misses the orc.
The black bear bites you. The black bear closely misses you.
The black bear barely misses you. The orc closely misses you.
You shoot a sling bullet.
The sling bullet hits the orc but does no damage.
The orc is severely wounded.
The black bear bites you but does no damage.
The black bear barely misses you. The black bear closely misses you.
The orc closely misses you. You furiously retaliate!
You headbutt the orc.
You kill the orc!
Okawaru accepts your kill. The black bear bites you.
You die...

#¤#._.....#.#...#....
###..####.#.##.......
####¤##.#.#####....
#¤####......##.... ####
###.##.##...) #.
#.##.....[. ######.
###.######...
......h#####............
#..)@.....#.......<..
#.################.#.
#.#. ####... #......
#######.##...
#.......##.#.
#>.......#.#. #.
#........#.#.


You could see a black bear.

Vanquished Creatures
  A water moccasin (D:5)
  A black bear (D:5)
  An ogre (D:5)
  An orc priest (D:4)
  A hound (D:4)
  A sleepcap (D:4)
  An orc wizard (D:5)
  4 adders
  2 dart slugs
  12 orcs
  8 endoplasms
  4 giant cockroaches
  6 goblins
  3 hobgoblins (D:1)
  3 quokkas
  5 ball pythons
  2 bats
  2 frilled lizards (D:1)
  4 kobolds
  6 rats
68 creatures vanquished.

Notes
Turn   | Place    | Note
-------+----------+-------------------------------------------
     0 | D:1      | qw the Minotaur Hexslinger began the quest for the Orb.
     0 | D:1      | Reached XP level 1. HP: 16/16 MP: 1/1
     0 | D:1      | 0 ||| qw: Version: 0.3-a-24-g62f9e04
     0 | D:1      | 0 ||| qw: Game counter: 6710
     0 | D:1      | 0 ||| qw: Melee chars always use a shield: true
     0 | D:1      | 0 ||| qw: God list: Okawaru
     0 | D:1      | 0 ||| qw: Allow faded altars: false
     0 | D:1      | 0 ||| qw: Do Orc after clearing Dungeon:15 true
     0 | D:1      | 0 ||| qw: Do second Lair branch before Depths: true
     0 | D:1      | 0 ||| qw: Lair rune preference: random
     0 | D:1      | 0 ||| qw: Goals: Normal
     0 | D:1      | 0 ||| PLANNING D:1-11
   131 | D:1      | Reached skill level 3 in Ranged Weapons
   168 | D:1      | Reached XP level 2. HP: 23/23 MP: 2/2
   644 | D:1      | 644 ||| READING scroll labelled ONELIP FARIVYB.
   645 | D:1      | 645 ||| READING scroll labelled DADIVI XY KAPN.
   646 | D:1      | 646 ||| READING scroll labelled ISUC YCOAJASIUST.
   647 | D:1      | 647 ||| DROPPING scroll of poison.
   673 | D:2      | Reached XP level 3. HP: 27/29 MP: 3/3
  1006 | D:2      | Reached skill level 4 in Ranged Weapons
  1204 | D:2      | 1204 ||| UPGRADING to +0 ring mail.
  1214 | D:2      | 1214 ||| DROPPING +0 robe.
  1215 | D:2      | 1215 ||| UPGRADING to ring of positive energy.
  1216 | D:2      | 1216 ||| READING scroll labelled KABBUI TUAGAGA.
  1247 | D:3      | Reached skill level 1 in Armour
  1519 | D:3      | Reached XP level 4. HP: 36/36 MP: 4/4
  1627 | D:3      | 1627 ||| READING scroll labelled RYARUHIPYN.
  1628 | D:3      | 1628 ||| READING 3 scrolls labelled QAEREZUTI.
  1629 | D:3      | 1629 ||| READING 2 scrolls labelled KOCIFY CEHA.
  1630 | D:3      | 1630 ||| DRINKING 2 green potions.
  1631 | D:3      | 1631 ||| READING 2 scrolls of identify.
  1631 | D:3      | 1631 ||| IDENTIFYING red potion
  1632 | D:3      | 1632 ||| DROPPING potion of attraction.
  1633 | D:3      | 1633 ||| DROPPING 2 scrolls of butterflies.
  1634 | D:3      | 1634 ||| DROPPING scroll of noise.
  1769 | D:4      | Noticed an ice beast
  1887 | D:4      | Reached skill level 5 in Ranged Weapons
  1895 | D:4      | Reached XP level 5. HP: 41/41 MP: 5/5
  2071 | D:4      | Found a runed translucent gate.
  2071 | D:4      | Found a runed translucent gate.
  2071 | D:4      | Found a runed translucent gate.
  2138 | D:4      | Noticed qw's ghost (amateur DEHu)
  2139 | D:4      | Noticed an ice beast
  2427 | D:4      | Reached skill level 3 in Fighting
  2627 | D:4      | 2627 ||| READING scroll labelled OTHRUMP DAHEURE.
  2650 | D:5      | Entered Level 5 of the Dungeon
  2664 | D:5      | Noticed a black bear
  2676 | D:5      | HP: 11/45 [black bear (8)]
  2677 | D:5      | 2677 ||| DRINKING potion of heal wounds.
  2678 | D:5      | Killed a black bear
  2679 | D:5      | Reached skill level 6 in Ranged Weapons
  2679 | D:5      | Reached XP level 6. HP: 29/51 MP: 6/6
  2760 | D:5      | Found a staircase to the Ecumenical Temple.
  2760 | D:5      | Noticed a water moccasin
  2761 | D:5      | 2761 ||| PLANNING TEMPLE
  2768 | D:5      | Killed a water moccasin
  2921 | Temple   | Entered the Ecumenical Temple
  3026 | Temple   | 3026 ||| PLANNING OKAWARU WORSHIP
  3041 | Temple   | Became a worshipper of Warmaster Okawaru
  3042 | Temple   | 3042 ||| PLANNING D:1-11
  3278 | D:5      | Found an ornate altar of the Wu Jian Council.
  3326 | D:5      | Reached skill level 7 in Ranged Weapons
  3333 | D:5      | HP: 13/53 [black bear (1)]
  3334 | D:5      | 3334 ||| READING scroll of teleportation.
  3334 | D:5      | HP: 5/53 [black bear (3)]
  3336 | D:5      | Slain by a black bear

Levels and vault maps discovered:
D:1:      sevenhm_arrival_forest_fort_small_3, layout_loops_ring,
          chequers_serial_rivers_micro_a
D:2:      layout_basic
D:3:      layout_rooms, hex_intersection
D:4:      layout_basic, gammafunk_ghost_icy, minivault_14, kennysheep_donut
D:5:      layout_loops_ring, pdpol_wu_jian_five_deadly_venoms,
          minmay_temple_entry_waves, minmay_shop_grid_forest
Temple:   regret_index_temple_chain_breaker

Skill      XL: |  1  2  3  4  5  6 |
---------------+-------------------+-----
Ranged Weapons | 3 4 5 6 7 |  7.0
Fighting       | 2 3 4 |  4.6
Armour         | 1 |  1.1
Dodging        | |  2.1
Spellcasting   | |  1.0
Hexes          | |  2.0

Action                     |  1- 3 |  4- 6 || total
---------------------------+-------+-------++-------
   Fire: Sling             |    85 |   139 ||   224
    Use: Scroll            |     4 |     6 ||    10
         Potion            |       |     2 ||     2
 Armour: Robe              |     4 |       ||     4
         Ring mail         |     1 |    36 ||    37
  Dodge: Dodged            |     9 |    70 ||    79

Table legend:
 A = Non-vault XP
 B = Vault XP
 C = Vault XP percentage of total XP
 D = Non-vault monster count
 E = Vault monster count
 F = Vault count percentage of total count
                 A         B        C        D         E       F
            +---------+---------+-------+---------+---------+-------
      Total |     725 |       0 |   0.0 |      68 |       0 |   0.0
            +---------+---------+-------+---------+---------+-------
        D:1 |      34 |       0 |   0.0 |      22 |       0 |   0.0
        D:2 |      35 |       0 |   0.0 |       7 |       0 |   0.0
        D:3 |      30 |       0 |   0.0 |      11 |       0 |   0.0
        D:4 |     174 |       0 |   0.0 |      20 |       0 |   0.0
        D:5 |     452 |       0 |   0.0 |       8 |       0 |   0.0
            +---------+---------+-------+---------+---------+-------
